 Dungeon Crawl Stone Soup version 0.30-a0-1066-g63dfefce0d (webtiles) character file.

Game seed: 4244052773299703768

249 xian the Digger (level 6, -9/36 HPs)
             Began as an Octopode Earth Elementalist on Apr 13, 2023.
             Mangled by Duvessa
             ... wielding a +0 rapier
              (15 damage)
             ... on level 3 of the Dungeon.
             The game lasted 00:08:51 (3488 turns).

xian the Digger (Octopode Earth Elementalist)       Turns: 3488, Time: 00:08:51

Health: -9/36      AC:  1    Str:  7    XL:     6   Next: 12%
Magic:  2/11       EV: 13    Int: 19    God:
Gold:   74         SH:  0    Dex: 13    Spells: 3/12 levels left

rFire   . . .      SeeInvis .    e - +0 short sword (speed)
rCold   . . .      Faith    .    (no shield)
rNeg    . . .      Spirit   .    (helmet restricted)
rPois   .          Reflect  .    p - amulet of regeneration
rElec   .          Rampage  .    (no ring)
rCorr   .                        (no ring)
Will    .....                    (no ring)
Stlth   +++                      (no ring)
HPRegen 1.06/turn                (no ring)
MPRegen 0.12/turn                (no ring)
                                 (no ring)
                                 (no ring)

@: no status effects
A: almost no armour, amphibious, 8 rings, camouflage 1, gelatinous body 1,
(nimble swimmer 1), tentacles
a: no special abilities


You were on level 3 of the Dungeon.
You visited 1 branch of the dungeon, and saw 4 of its levels.

You collected 130 gold pieces.
You spent 56 gold pieces at shops.

Inventory:

Hand Weapons
 e - a +0 short sword of speed (weapon)
Jewellery
 p - an amulet of regeneration (around mantle)
Scrolls
 c - a scroll of brand weapon {unknown}
 g - a scroll of fog
 i - a scroll of blinking
 l - a scroll of vulnerability
 o - 3 scrolls of enchant weapon {unknown}
 s - a scroll of teleportation
Potions
 a - a potion of magic
 b - 3 potions of berserk rage {unknown}
 f - a potion of cancellation {unknown}
 h - a potion of lignification {unknown}
 j - a potion of mutation {unknown}
 k - 2 potions of curing
 m - a potion of experience {unknown}
 n - a potion of flight {unknown}
 q - a potion of ambrosia {unknown}


   Skills:
 + Level 0.1 Short Blades
 + Level 2.2 Dodging
 + Level 3.4 Stealth
 + Level 3.8 Spellcasting
 * Level 2.0 Conjurations
 + Level 1.0 Transmutations
 + Level 4.5 Earth Magic


You had 3 spell levels left.
You knew the following spells:

 Your Spells              Type           Power      Damage    Failure   Level
a - Sandblast             Erth           42%        2d11      2%          1
b - Passwall              Tmut/Erth      11%        N/A       7%          2
c - Stone Arrow           Conj/Erth      32%        3d9       11%         3
d - Frozen Ramparts       Ice            6%         1d1       38%         3

Your spell library contained the following spells:

 Spells                   Type           Power      Damage    Failure   Level
 Freeze                   Ice            12%        1d3       14%         1
 Summon Small Mammal      Summ           12%        N/A       14%         1
 Hailstorm                Conj/Ice       7%         3d4       26%         3
 Call Canine Familiar     Summ           3%         N/A       38%         3
 Summon Guardian Golem    Hex/Summ       3%         N/A       38%         3
 Petrify                  Tmut/Erth      14%        N/A       41%         4


Dungeon Overview and Level Annotations

Branches:
Dungeon (4/15)
 Temple: D:4-7

Altars:

Shops:
D:2 (!(=!   D:4 [

Annotations:
D:3 2 transporters, Duvessa; bchevrier's ghost, amateur GnWn


Innate Abilities, Weirdness & Mutations

You cannot wear most types of armour.
You are amphibious.
You can wear up to eight rings at the same time.
Your skin changes colour to match your surroundings (Stealth+).
Your rubbery body absorbs attacks. (AC +1, EV +1)
((You are camouflaged when in or above water. (Stealth+)))
You have tentacles for arms and can constrict up to eight enemies at once.


Message History

The spell is quite dangerous to miscast (12% risk of failure)!
Continue anyway?
Aiming: Stone Arrow (quite dangerous; 12% risk of failure)
Press: ? - help, Shift-Dir - straight line, f - Dowan
Aim: Dowan, wielding a +0 dagger and wearing a +0 robe (56% to hit)
The stone arrow hits Dowan!
Dowan is severely wounded.
Casting: Stone Arrow (quite dangerous; 12% risk of failure)
Confirm with . or Enter, or press ? or * to list all spells.
The spell is quite dangerous to miscast (12% risk of failure)!
Continue anyway?
Aiming: Stone Arrow (quite dangerous; 12% risk of failure)
Press: ? - help, Shift-Dir - straight line, f/p - Dowan
Aim: Dowan, wielding a +0 dagger and wearing a +0 robe (severely wounded, 56% to hit)
The stone arrow hits Dowan!
You kill Dowan!
Duvessa screams in rage.
Duvessa goes berserk!
The gnoll shouts!
Duvessa rages.
Your Conjurations skill increases to level 2!
You have reached level 6!
Casting: Stone Arrow (quite dangerous; 11% risk of failure)
Confirm with . or Enter, or press ? or * to list all spells.
The spell is quite dangerous to miscast (11% risk of failure)!
Continue anyway?
Aiming: Stone Arrow (quite dangerous; 11% risk of failure)
Press: ? - help, Shift-Dir - straight line, f - Duvessa
Aim: Duvessa, wielding a +0 rapier, wearing a +0 ring mail and carrying a wand of polymorph (11) (berserk, 77% to hit)
The stone arrow hits Duvessa!
Duvessa is moderately wounded.
Duvessa rages.
Duvessa hits you with a +0 rapier! Duvessa closely misses you.
There is a stone staircase leading up, spattered with blood here.
Duvessa hits you with a +0 rapier!
* * * LOW HITPOINT WARNING * * *
You climb upwards.
Level annotation: 2 transporters, bchevrier's ghost, amateur GnWn
There is a stone staircase leading down here.
You feel better. Duvessa hits you with a +0 rapier!
* * * LOW HITPOINT WARNING * * *
Duvessa hits you with a +0 rapier!
You die...

#.....# ♣.♣....#
#.....############..##.##
......'.....)...#♣.♣##.#
...♣.♣♣########.##†.##.#
...♣.♣ #.#♣.♣##.# ...♣.♣♣
#.##..##.# ..#♣..♣♣♣
####..♣.♣##.#
..#♣♣P..♣♣##....e......#
...♣♣...........@♣.♣##.#
..##♣♣♣P.♣##.##..#....##
### #### #.##..####.#
#.##..#....# #
#.###...#### ##
#.###.#### ≈## #........#
≈≈## #####.##.# ≈≈≈##
#### #.##.#


You could see Duvessa (berserk).

Vanquished Creatures
  Dowan (D:4)
  Crazy Yiuf (D:3)
  3 gnolls (D:4)
  5 adders
  3 worms (D:2)
  3 dart slugs
  5 orcs (D:3)
  12 endoplasms
  4 giant cockroaches
  5 goblins
  4 hobgoblins
  3 jackals (D:3)
  3 quokkas
  8 ball pythons
  5 bats
  3 frilled lizards
  7 kobolds
  5 rats
80 creatures vanquished.

Vanquished Creatures (others)
  9 plants (D:3)
9 creatures vanquished.

Grand Total: 89 creatures vanquished

Notes
Turn   | Place    | Note
-------+----------+-------------------------------------------
     0 | D:1      | xian the Octopode Earth Elementalist began the quest for
                  | the Orb.
     0 | D:1      | Reached XP level 1. HP: 11/11 MP: 3/3
   165 | D:1      | Reached XP level 2. HP: 17/17 MP: 1/5
   168 | D:1      | Learned a level 2 spell: Passwall
   492 | D:1      | Reached XP level 3. HP: 21/21 MP: 4/6
   523 | D:1      | Learned a level 3 spell: Stone Arrow
  1088 | D:2      | Found Jiadoci's Jewellery Boutique.
  1103 | D:2      | Found Mim Nock's Distillery.
  1117 | D:2      | Bought a potion of degeneration for 14 gold pieces
  1117 | D:2      | Bought a potion of curing for 42 gold pieces
  1165 | D:2      | Found Wunlud's Weapon Shoppe.
  1200 | D:2      | Reached skill level 1 in Conjurations
  1285 | D:2      | Reached XP level 4. HP: 27/27 MP: 5/8
  1628 | D:2      | Found Hudas's Distillery.
  1774 | D:2      | Found Yteuts's Weapon Boutique.
  2238 | D:3      | Reached skill level 4 in Earth Magic
  2300 | D:3      | Noticed bchevrier's ghost (amateur GnWn)
  2302 | D:3      | Found a transporter.
  2308 | D:3      | Found a transporter.
  2310 | D:3      | Noticed an ogre
  2343 | D:3      | Reached XP level 5. HP: 29/29 MP: 7/9
  2360 | D:3      | Learned a level 3 spell: Frozen Ramparts
  2605 | D:3      | Found a runed translucent door.
  2606 | D:3      | Noticed Crazy Yiuf
  2999 | D:3      | Killed Crazy Yiuf
  3234 | D:4      | Found Ykargh's Armour Shoppe.
  3476 | D:4      | Noticed Dowan
  3478 | D:4      | Noticed Duvessa
  3480 | D:4      | Killed Dowan
  3481 | D:4      | Reached XP level 6. HP: 36/36 MP: 4/11
  3488 | D:3      | Mangled by Duvessa

Illustrated notes

Levels and vault maps discovered:
D:1:      dpeg_arrival_oval, layout_loops_ring
D:2:      layout_loops_ring, serial_shops, shop, shop, nicolae_lakefront_shop,
          nicolae_shop_statue_plus, shop
D:3:      kennysheep_big_flooded_room, layout_basic, gammafunk_ghost_smash,
          serial_forest, infiniplex_forest_clump_double,
          infiniplex_forest_corner_2, infiniplex_forest_lined_3,
          infiniplex_forest_clump_cross, infiniplex_forest_join,
          uniq_crazy_yiuf_cottage
D:4:      layout_rooms, nemelex_diamond_rough_becter,
          minmay_temple_entry_nine_rooms, serial_shops, shop,
          grunt_ministairs_1, uniq_duvessa

Skill      XL: |  1  2  3  4  5 |
---------------+----------------+-----
Stealth        | 3 |  3.4
Conjurations   | 1 2 |  2.0
Spellcasting   | 3 |  3.8
Earth Magic    | 4 |  4.5
Short Blades   | |  0.1
Dodging        | |  2.2
Transmutations | |  1.0

Action                     |  1- 3 |  4- 6 || total
---------------------------+-------+-------++-------
  Melee: Dagger            |     4 |       ||     4
         Tentacles         |     1 |     2 ||     3
         Short sword       |     1 |     7 ||     8
         Constrict         |       |     6 ||     6
   Cast: Sandblast         |    38 |    72 ||   110
         Stone Arrow       |       |    10 ||    10
    Use: Scroll            |       |     5 ||     5
         Potion            |       |     1 ||     1
   Stab: Sleeping          |     1 |       ||     1
 Armour: Skin              |     1 |     6 ||     7
  Dodge: Dodged            |     7 |    33 ||    40

Table legend: (Time is in decaauts)
 A = Elapsed time spent in this place.
 B = Non-inter-level travel time spent in this place.
 C = Inter-level travel time spent in this place.
 D = Time resting spent in this place.
 E = Time spent auto-exploring this place.
 F = Levels seen in this place.
 G = Mean time per level.
                   A        B        C        D        E       F      G
               +--------+--------+--------+--------+--------+-----+--------+
         Total |   3539 |   3423 |    116 |     14 |   2729 |   4 |  884.8 |
       Dungeon |   3539 |   3423 |    116 |     14 |   2729 |   4 |  884.8 |
               +--------+--------+--------+--------+--------+-----+--------+

Top non-repeatable levels by time:
     D:3: 1350 daAuts
     D:1: 984 daAuts
     D:2: 936 daAuts
     D:4: 269 daAuts
